 Dungeon Crawl Stone Soup version 0.31.0-32-g396128a36d (webtiles) character file.

Game seed: 456458925056088478

112 gohu the Magician (level 5, -1/35 HPs)
             Began as a Djinni Fire Elementalist on Mar 10, 2024.
             Slain by a black bear (3 damage)
             ... on level 3 of the Dungeon.
             The game lasted 00:05:29 (2190 turns).

gohu the Magician (Djinni Fire Elementalist)        Turns: 2190, Time: 00:05:30

Health: -1/35      AC:  3    Str:  7    XL:     5   Next: 16%
Gold:   32         EV: 12    Int: 18    God:
                   SH:  0    Dex: 14

rFire   + + .        e - +2 dagger (flame)
rCold   x . .        (no shield)
rNeg    . . .        a - +0 robe
rPois   ∞            j - +0 helmet
rElec   .            (no cloak)
rCorr   .            (no gloves)
SInv    .            (boots unavailable)
Will    .....        (no amulet)
Stlth   ++           (no ring)
HPRegen 0.25/turn    (no ring)
MPRegen 0.00/turn

%: infuse magic (-2 HP)
@: flying
A: sickness immunity, fire resistance 2, cold vulnerability 1, float, innate
caster, HP casting, extra vitality 1
a: no special abilities


You were on level 3 of the Dungeon.
You visited 1 branch of the dungeon, and saw 3 of its levels.

You collected 116 gold pieces.
You spent 84 gold pieces at shops.

Inventory:

Hand Weapons
 e - a +2 dagger of flaming (weapon)
Armour
 a - a +0 robe (worn)
 j - a +0 helmet (worn)
Jewellery
 d - a ring of fire
Scrolls
 f - 2 scrolls of teleportation
 h - a scroll of fear {unknown}
 i - 2 scrolls of noise {unknown}
Potions
 c - a potion of curing
 g - 3 potions of lignification
 k - a potion of resistance
 l - a potion of might
 m - a potion of heal wounds {unknown}


   Skills:
 - Level 2.1 Dodging
 - Level 1.5 Stealth
 * Level 4.7 Spellcasting
 * Level 4.7 Conjurations
 * Level 4.7 Hexes
   Level 0.0 Charms
 * Level 4.7 Summonings
 * Level 4.7 Necromancy
 * Level 4.7 Translocations
   Level 0.0 Transmutations
 * Level 4.7 Fire Magic
 * Level 4.7 Ice Magic
 * Level 4.7 Air Magic
 * Level 4.7 Earth Magic
 * Level 4.7 Alchemy


You knew the following spells:

 Your Spells              Type           Power      Damage    Failure   Level
a - Foxfire               Conj/Fire      84%        2x1d8     1%          1
b - Scorch                Fire           42%        2d6       3%          2
c - Volatile Blastmotes   Fire/Tloc      42%        2d13      6%          3
d - Inner Flame           Hex/Fire       21%        N/A       6%          3
e - Flame Wave            Conj/Fire      21%        2d8       19%         4
f - Kiss of Death         Conj/Necr      84%        2d11      1%          1
g - Mercury Vapours       Alch/Air       42%        N/A       3%          2
Your spell library was empty.

Dungeon Overview and Level Annotations

Branches:
Dungeon (3/15)

Altars:

Shops:
D:1 ?[


Innate Abilities, Weirdness & Mutations

You are immune to sickness and miasma.
You are immune to poison.
Your flesh is very heat resistant. (rF++)
You are vulnerable to cold. (rC-)
You float through the air rather than walking.
You learn spells naturally, not from books.
Your magical power is your life essence.
You have superior vitality. (+4 MHP)


Message History

A black bear and an endoplasm come into view.
The black bear growls angrily.
You hear a shout!
A kobold comes into view. It is wielding a +0 whip.
There is an open door here.
Casting: Scorch (safe; 3% risk of failure)
Confirm with . or Enter, or press ? or * to list all spells.
A cloud of volatile blastmotes flares up around you!
Run!
The cloud of blastmotes explodes!
The concussive blast engulfs the black bear!
The black bear is moderately wounded.
There is an open door here.
You see here a ribbon worm corpse.
Casting: Volatile Blastmotes (dangerous; 6% risk of failure)
Confirm with . or Enter, or press ? or * to list all spells.
A cloud of volatile blastmotes flares up around you!
Run!
The black bear attacks as it pursues you!
The black bear bites you.
The cloud of blastmotes explodes!
The concussive blast engulfs the black bear!
The black bear is severely wounded.
The concussive blast engulfs you. You resist.
You are knocked back by the blast.
Casting: Volatile Blastmotes (dangerous; 6% risk of failure)
Confirm with . or Enter, or press ? or * to list all spells.
Flames lash the black bear.
The black bear is almost dead.
The black bear's fire resistance burns away.
The black bear goes berserk!
Casting: Scorch (safe; 3% risk of failure)
Confirm with . or Enter, or press ? or * to list all spells.
Flames lash the endoplasm.
You kill the endoplasm!
The black bear misses you. The black bear claws you. x2
* * * LOW HITPOINT WARNING * * *
The black bear closely misses you. The black bear claws you.
* * * LOW HITPOINT WARNING * * *
The black bear claws you.
* * * LOW HITPOINT WARNING * * *
The black bear is no longer more vulnerable to fire.
The black bear barely misses you. The black bear claws you.
You die...

..#.###..#####.#.###.#
#.# ..†......# #...#
#.#### #.# ..#.#†#..#
####.#####..# #.#
..#......#
#..####..K..# #.##
#.###.##.#
#.....)J.#..# #..# #.
##.##.# #..†.K...#h.#
##.# #.##..##.#
#..#†##..#...# #.#
..#.#.##<[
####h.####J..# #.#
#.###.########8@.#
..## #.#
##.#...##.......## .K#
#.# ##.##..'.......##
... #.#
#.##########8..# #.#
#.# ##..# #.# #.# #+##
#####.# #.# #.....#
#.# #####.# #.# #.#


You could see a black bear (berserk) and a kobold.

Vanquished Creatures
  An orc priest (D:2)
  Robin (D:2)
  3 dart slugs (D:1)
  A ribbon worm (D:3)
  2 orcs (D:2)
  4 ball pythons
  4 endoplasms
  5 giant cockroaches
  12 goblins
  5 hobgoblins
  A jackal (D:3)
  3 kobolds (D:1)
  3 quokkas
  6 bats
  3 frilled lizards
  4 rats
58 creatures vanquished.

Vanquished Creatures (others)
  158 foxfires
158 creatures vanquished.

Grand Total: 216 creatures vanquished

Notes
Turn   | Place    | Note
-------+----------+-------------------------------------------
     0 | D:1      | gohu the Djinni Fire Elementalist began the quest for the
                  | Orb.
     0 | D:1      | gohu set off with the following spells memorised: Foxfire,
                  | Scorch, Volatile Blastmotes, Inner Flame, Flame Wave.
     0 | D:1      | Reached XP level 1. HP: 15/15 MP: 0/0
   156 | D:1      | Reached XP level 2. HP: 21/21 MP: 0/0
   230 | D:1      | Found Ecraos's Armour Emporium.
   280 | D:1      | Reached XP level 3. HP: 24/25 MP: 0/0
   280 | D:1      | Learned a level 1 spell: Kiss of Death
   311 | D:1      | Found Ruashroydgh's Magic Scroll Boutique.
   319 | D:1      | Bought a scroll of teleportation for 36 gold pieces
   860 | D:2      | Noticed Robin
  1052 | D:2      | Killed Robin
  1053 | D:2      | Reached XP level 4. HP: 19/31 MP: 0/0
  1414 | D:2      | Reached XP level 5. HP: 33/35 MP: 0/0
  1414 | D:2      | Learned a level 2 spell: Mercury Vapours
  1574 | D:2      | Found a faded altar of an unknown god.
  1965 | D:1      | Bought 2 scrolls of identify for 48 gold pieces
  2178 | D:3      | Noticed a black bear
  2190 | D:3      | Slain by a black bear

Illustrated notes

Levels and vault maps discovered:
D:1:      ncdulo_lavacross, layout_basic, serial_shops, shop, nicolae_shop_trees
D:2:      cheibrodos_pilgrimage, layout_basic, ebering_ecumenical_altar_hall,
          chequers_serial_rivers_large_b, kennysheep_generic_room_15, uniq_robin
D:3:      minmay_chambers_of_twos, layout_loops_ring, minmay_snake_closets

Skill      XL: |  1  2  3 |
---------------+----------+-----
Spellcasting   | 4 |  4.7
Conjurations   | 4 |  4.7
Hexes          | 4 |  4.7
Summonings     | 4 |  4.7
Necromancy     | 4 |  4.7
Translocations | 4 |  4.7
Fire Magic     | 4 |  4.7
Ice Magic      | 4 |  4.7
Air Magic      | 4 |  4.7
Earth Magic    | 4 |  4.7
Alchemy        | 4 |  4.7
Dodging        | |  2.1
Stealth        | |  1.5

Action                     |  1- 3 |  4- 6 || total
---------------------------+-------+-------++-------
   Cast: Foxfire           |    55 |    39 ||    94
         Scorch            |    11 |     9 ||    20
         Volatile Blastmot |       |     2 ||     2
    Use: Scroll            |       |     4 ||     4
 Armour: Robe              |    21 |     8 ||    29
  Dodge: Dodged            |    17 |     8 ||    25
